 Dungeon Crawl Stone Soup version 0.22-a0-166-g5351223 (webtiles) character file.

45 Azzok the Magician (level 3, 0/19 HPs)
             Began as a Deep Elf Fire Elementalist on Feb 13, 2018.
             Succumbed to an adder's poison
             ... on level 2 of the Dungeon.
             The game lasted 00:02:06 (1032 turns).

Azzok the Magician (Deep Elf Fire Elementalist)     Turns: 1032, Time: 00:02:07

Health: 0/19       AC:  3    Str:  5    XL:     3   Next: 42%
Magic:  3/10       EV: 13    Int: 20    God:
Gold:   82         SH:  0    Dex: 15    Spells: 5/9 levels left

rFire    . . .     SeeInvis .   f - +0 hand axe (chop)
rCold    . . .     Gourm    .   (no shield)
rNeg     . . .     Faith    .   a - +0 robe
rPois    .         Spirit   .   (no helmet)
rElec    .         Reflect  .   (no cloak)
rCorr    .         Harm     .   e - +0 pair of gloves
MR       .....                  (no boots)
Stlth    ++........             (no amulet)
HPRegen  0.06/turn              (no ring)
MPRegen  0.12/turn              (no ring)

@: lethally poisoned (0 -> -7)
A: no striking features
a: no special abilities


You were on level 2 of the Dungeon.
You were not hungry.

You visited 1 branch of the dungeon, and saw 2 of its levels.

You collected 82 gold pieces.

Inventory:

Hand Weapons
 f - a +0 hand axe of chopping (weapon)
Armour
 a - a +0 robe (worn)
 e - a +0 pair of gloves (worn)
Scrolls
 d - a scroll of blinking {unknown}
 g - 4 scrolls of identify {unknown}
 h - a scroll of amnesia {unknown}
 j - a scroll of teleportation {unknown}
Books
 b - a book of Flames

   Spells                             Type                      Level
   a - Flame Tongue                   Conjuration/Fire             1
   b - Throw Flame                    Conjuration/Fire             2
   c - Conjure Flame                  Conjuration/Fire             3
   d - Inner Flame                    Hexes/Fire                   3
   e - Sticky Flame                   Conjuration/Fire             4
   f - Fireball                       Conjuration/Fire             5
Comestibles
 c - 3 rations
 k - 4 chunks of flesh


   Skills:
 - Level 2.4 Dodging
 - Level 2.4 Stealth
 + Level 3.9 Spellcasting
 + Level 2.2 Conjurations
 + Level 3.9 Fire Magic


You had 5 spell levels left.
You knew the following spells:

 Your Spells              Type           Power        Failure   Level  Hunger
a - Flame Tongue          Conj/Fire      ###..        3%          1    None
b - Conjure Flame         Conj/Fire      ###.....     11%         3    ###....


Dungeon Overview and Level Annotations

Branches:
Dungeon (2/15)

Altars:


Message History

Things that are here:
a goblin corpse; an adder corpse Butcher a goblin corpse? [(y)es/(c)hoosy/(n)o/(a)ll/(e)dible/(q)uit/?]
Butcher an adder corpse? [(y)es/(c)hoosy/(n)o/(a)ll/(e)dible/(q)uit/?]
You butcher the adder corpse.
* * * LOW HITPOINT WARNING * * *
You feel sick.
There is an open door, spattered with blood here.
Things that are here:
a goblin corpse; 2 chunks of flesh
There is a lethal amount of poison in your body!
Okay, then.
It was a potion of cancellation.
You feel magically purged.
Your magical contamination has completely faded away.
There is a lethal amount of poison in your body!
There is a lethal amount of poison in your body!
There is a lethal amount of poison in your body!
* * * LOW HITPOINT WARNING * * *
You feel sick.
You die...

▒···········
▒···········
▒···········
▒···········
▒▒▒▒···········
▒···········▒
▒···········▒
▒······@····▒
▒···········▒
▒▒▒▒▒▒▒†▒▒▒▒▒▒▒
▒········▒
▒········▒
▒········▒
▒········▒
▒········▒
▒·····▒▒▒▒


There were no monsters in sight!

Vanquished Creatures
  An adder (D:2)
  2 dart slugs
  A leopard gecko (D:2)
  4 bats
  5 giant cockroaches
  2 hobgoblins (D:1)
  4 jackals (D:1)
  A kobold (D:1)
  A ball python (D:2)
  4 goblins
  A rat (D:2)
26 creatures vanquished.

Notes
Turn   | Place    | Note
-------+----------+-------------------------------------------
     0 | D:1      | Azzok the Deep Elf Fire Elementalist began the quest for the Orb.
     0 | D:1      | Reached XP level 1. HP: 10/10 MP: 6/6
   178 | D:1      | Reached XP level 2. HP: 15/15 MP: 2/8
   980 | D:2      | Reached XP level 3. HP: 19/19 MP: 8/10
   985 | D:2      | Learned a level 3 spell: Conjure Flame
  1032 | D:2      | Succumbed to an adder's poison

Vault maps used:
D:1:      elethiomel_arrival_quiet
D:2:      kiku_gazebo_pond_becter, grunt_decor_one_mirror,
          hangedman_abyss_or_decor_stabs

Skill      XL: |  1  2 |
---------------+-------+-----
Conjurations   | 2 |  2.2
Dodging        | |  2.4
Stealth        | |  2.4
Spellcasting   | |  3.9
Fire Magic     | |  3.9

Action                   || total
-------------------------++-------
Melee: Unarmed           ||     1
       Hand axe          ||     1
 Cast: Flame Tongue      ||    46
  Use: Potion            ||     1
Armor: Robe              ||     4
Dodge: Dodged            ||    25

Table legend:
 A = Spawn XP
 B = Non-spawn XP
 C = Spawn XP percentage of total XP
 D = Spawn monster count
 E = Non-spawn monster count
 F = Spawn count percentage of total count
 G = Total turns spent on level
                    A         B        C        D         E        F      G
               +---------+---------+-------+---------+---------+-------+---------
         Total |       0 |      65 |   0.0 |       0 |      26 |   0.0 |  1032
               +---------+---------+-------+---------+---------+-------+---------
           D:1 |       0 |      34 |   0.0 |       0 |      17 |   0.0 |   844
           D:2 |       0 |      31 |   0.0 |       0 |       9 |   0.0 |   188
               +---------+---------+-------+---------+---------+-------+---------
